 Dungeon Crawl Stone Soup version 0.24-a0-317-g5cb8de4 (webtiles) character file.

Game seed: 17781882299894046234

213 Borgoz the Slasher (level 5, -2/69 HPs)
             Began as a Hill Orc Gladiator on May 16, 2019.
             Killed by nerve-wracking pain
             ... invoked by an orc priest
              (13 damage)
             ... on level 3 of the Dungeon.
             The game lasted 00:03:40 (2000 turns).

Borgoz the Slasher (Hill Orc Gladiator)             Turns: 2000, Time: 00:03:41

Health: -2/69      AC:  8    Str: 22    XL:     5   Next: 90%
Magic:  5/5        EV: 11    Int:  8    God:
Gold:   97         SH:  0    Dex: 13    Spells: 4/4 levels left

rFire    . . .     SeeInvis .   a - +0 long sword
rCold    . . .     Gourm    .   (no shield)
rNeg     . . .     Faith    .   r - +0 scale mail
rPois    .         Spirit   .   c - +0 helmet
rElec    .         Reflect  .   (no cloak)
rCorr    .         Harm     .   e - +0 pair of gloves
MR       .....                  (no boots)
Stlth    ..........             (no amulet)
HPRegen  0.21/turn              (no ring)
MPRegen  0.09/turn              (no ring)

@: berserking, lethally poisoned (-2 -> -15), very quick
A: no striking features
a: Convert to Beogh


You were on level 3 of the Dungeon.
You were not hungry.

You visited 1 branch of the dungeon, and saw 3 of its levels.

You collected 97 gold pieces.

Inventory:

Hand Weapons
 a - a +0 long sword (weapon)
 p - a cursed +0 dagger
Missiles
 d - 2 throwing nets (quivered)
Armour
 c - a +0 helmet (worn)
 e - a +0 pair of gloves (worn)
 r - a +0 scale mail (worn)
Scrolls
 g - a scroll of magic mapping {unknown}
 k - a scroll of identify {unknown}
 l - a scroll of blinking {unknown}
 m - a scroll of fear {unknown}
 n - a scroll of remove curse {unknown}
 o - a scroll of noise {unknown}
Potions
 i - a potion of degeneration {unknown}
 q - a potion of haste {unknown}
 s - a potion of agility {unknown}
Comestibles
 f - 4 rations


   Skills:
 + Level 3.8 Fighting
 * Level 5.1 Long Blades
 - Level 1.7 Throwing
 + Level 2.4 Armour
 + Level 3.2 Dodging


You had 4 spell levels left.
You didn't know any spells.
Your spell library was empty.

Dungeon Overview and Level Annotations

Branches:
Dungeon (3/15)

Altars:
Makhleb


Message History

You are lethally poisoned!
The orc priest shouts, "Beogh is our master!
Accept the truth or die!"
You slash the orc priest!
The orc priest is almost dead.
* * * LOW HITPOINT WARNING * * *
You feel sick.
The orc priest shouts, "Beogh is our master!
Accept the truth or die!"
The orc priest hits you.
* * * LOW HITPOINT WARNING * * *
The orc hits you from afar with a +1 trident of venom.
* * * LOW HITPOINT WARNING * * *
The orc priest barely misses you.
It was a potion of berserk rage.
A red film seems to cover your vision as you go berserk!
You feel yourself moving faster!
You feel mighty!
* * * LOW HITPOINT WARNING * * *
You feel sick. The orc hits you but does no damage.
The orc priest calls down the wrath of Beogh upon you.
Pain shoots through your body!
You die...

#.# #.. #.###.. # #..##..
o. ##..... ... #..##. ....
######..##. o....
#........÷.
......##########.###....#.
.....oooo@§§..##.# #....#.
......#######.##.# #....#.
?..r. #....#.##.# #....#.
#.## #.##<#....# #....#. #
#.###########......
#.....)............
#############......
#...... #####..


You could see an orc priest and an orc.

Vanquished Creatures
  A hound (D:2)
  2 orc wizards (D:3)
  3 adders
  2 worms
  A dart slug (D:2)
  2 leopard geckos
  10 orcs (D:3)
  A ball python (D:1)
  4 giant cockroaches
  8 hobgoblins
  4 jackals (D:1)
  8 kobolds
  6 bats
  5 frilled lizards
  8 goblins
  11 rats
76 creatures vanquished.

Notes
Turn   | Place    | Note
-------+----------+-------------------------------------------
     0 | D:1      | Borgoz the Hill Orc Gladiator began the quest for the Orb.
     0 | D:1      | Reached XP level 1. HP: 18/18 MP: 1/1
    97 | D:1      | Reached XP level 2. HP: 25/25 MP: 2/2
   296 | D:1      | Reached skill level 1 in Armour
   325 | D:1      | Reached XP level 3. HP: 30/30 MP: 3/3
   497 | D:1      | Reached skill level 4 in Long Blades
  1037 | D:2      | Reached XP level 4. HP: 35/38 MP: 4/4
  1373 | D:3      | Reached XP level 5. HP: 33/45 MP: 5/5
  1511 | D:3      | Reached skill level 5 in Long Blades
  1594 | D:3      | Found a burning altar of Makhleb.
  2000 | D:3      | Killed from afar by an orc priest

Levels and vault maps discovered:
D:1:      onia_arrival_mini_spirals, layout_loops_cross
D:2:      layout_loops_cross, chequers_serial_rivers_micro_e
D:3:      minmay_diamond_boxcup, layout_basic, overflow_temple_1_default,
          kennysheep_generic_room_10

Skill      XL: |  1  2  3  4  5 |
---------------+----------------+-----
Armour         | 1 2 |  2.4
Long Blades    | 4 5 |  5.1
Fighting       | 3 |  3.8
Dodging        | 3 |  3.2
Throwing       | |  1.7

Action                   |  1- 3 |  4- 6 || total
-------------------------+-------+-------++-------
Melee: Long sword        |   115 |   107 ||   222
Throw: Throwing net      |     1 |       ||     1
  Use: Potion            |     2 |     3 ||     5
       Scroll            |       |     1 ||     1
  Eat: Chunk             |       |     4 ||     4
Armor: Leather armour    |    49 |    13 ||    62
       Scale mail        |       |    29 ||    29
Dodge: Dodged            |    99 |    87 ||   186
       Rpst.: Long sword |    31 |    31 ||    62

Table legend:
 A = Non-vault XP
 B = Vault XP
 C = Vault XP percentage of total XP
 D = Non-vault monster count
 E = Vault monster count
 F = Vault count percentage of total count
                 A         B        C        D         E       F
            +---------+---------+-------+---------+---------+-------
      Total |     290 |      15 |   4.9 |      74 |       2 |   2.6
            +---------+---------+-------+---------+---------+-------
        D:1 |      57 |       0 |   0.0 |      33 |       0 |   0.0
        D:2 |      99 |       0 |   0.0 |      19 |       0 |   0.0
        D:3 |     134 |      15 |  10.1 |      22 |       2 |   8.3
            +---------+---------+-------+---------+---------+-------
